Map: Eastwatch LE

Players

AirAlex - Winner!

  • Race: Protoss Protoss
  • League: Platinum
  • Spawn Location: 7:00

axu

  • Race: Protoss Protoss
  • League: Platinum
  • Spawn Location: 1:00

VOD

Have the link to the VOD?

Description

Time

  • Played on: April 25, 2018, 10:53 a.m.
  • Length: 6:10
Show
View Real Time Build Order
Export as new Build Order

AirAlex Protoss - Winner!

Build Orders:  

Get SALT Encoding   

  12  0:14  Probe  
  12  0:15  Pylon  
  13  0:27  Probe  
  14  0:35  Gateway, Probe  
  15  0:43  Probe  
  16  0:53  Probe  
  17  1:05  Probe  
  17  1:06  Assimilator  
  18  1:17  Probe  
  19  1:27  Cybernetics Core  
  19  1:29  Probe  
  19  1:30  Pylon  
  19  1:31  Assimilator  
  20  1:41  Probe  
  21  1:53  Probe  
  22  2:03  Warp Gate  
  22  2:11  Probe  
  23  2:20  Gateway  
  23  2:22  Robotics Facility  
  23  2:29  Probe  
  24  2:30  Adept  
  25  2:49  Pylon  
  25  2:58  Adept  
  25  3:01  Nexus  
  27  3:09  Stalker  
  24  3:47  Probe  
  27  3:59  Probe  
  26  4:12  Probe  
  25  4:17  Immortal  
  25  4:20  Stalker x2  
  29  4:24  Probe x2  
  35  4:40  Probe  
  36  4:51  Stalker x2  
  36  5:03  Immortal  
  36  5:05  Probe x2  
  36  5:06  Pylon  
  40  5:33  Stalker x2  
  40  6:00  Stalker x2  
Show
View Real Time Build Order
Export as new Build Order

axu Protoss 

Build Orders: Blink Stalkers 

Get SALT Encoding   

  12  0:01  Probe  
  13  0:13  Probe  
  14  0:18  Pylon  
  14  0:25  Probe  
  15  0:37  Probe  
  15  0:42  Gateway  
  16  0:51  Probe  
  17  0:57  Assimilator  
  17  1:06  Assimilator  
  17  1:12  Probe  
  18  1:20  Gateway, Probe  
  19  1:29  Probe  
  19  1:34  Cybernetics Core  
  19  1:46  Probe, Pylon  
  20  1:58  Probe  
  21  2:07  Adept x2  
  21  2:12  Warp Gate  
  21  2:14  Probe  
  26  2:21  Pylon  
  26  2:26  Probe  
  26  2:27  Stalker x2  
  31  2:43  Probe  
  32  2:48  Gateway  
  32  2:53  Twilight Council  
  32  3:04  Probe  
  33  3:10  Stalker  
  33  3:34  Blink  
  33  3:39  Stalker  
  33  3:40  Stalker  
  35  3:42  Pylon  
  35  3:49  Pylon  
  35  3:53  Pylon  
  35  4:03  Gateway  
  35  4:49  Pylon  
  31  5:00  Stalker x3  
  31  5:06  Stalker  
  29  5:30  Stalker x2  
  29  5:31  Stalker  
  29  5:33  Stalker  
  31  5:55  Stalker x3  
  31  5:56  Stalker  
Tags
 
Composition
Blink Stalkers
Matchup
PvP
Spawn Locations
Cross Positions
Add a new tag
Caveats
  • Supply blocks, unpowered buildings, or Contaminate may cause inaccurate times.
  • Supply counts are checked every 10 seconds.